 Dungeon Crawl Stone Soup version 0.28.0-1-gb440e238dd (webtiles) character file.

Game seed: 16924681464631390869

19406 themarg the Thrower (level 12, 0/94 HPs)
             Began as a Gnoll Wanderer on Feb 24, 2022.
             Was an Elder of Uskayaw.
             Slain by a death yak (12 damage)
             ... on level 2 of the Lair of Beasts on Feb 25, 2022.
             The game lasted 01:23:53 (19619 turns).

themarg the Thrower (Gnoll Wanderer)               Turns: 19619, Time: 01:23:54

Health: 0/94       AC: 14    Str: 12    XL:     12   Next: 68%
Magic:  21/23      EV: 16    Int: 11    God:    Uskayaw [****..]
Gold:   317        SH:  8    Dex: 23    Spells: 15/26 levels left

rFire   . . .      SeeInvis .   a - +3 war axe (freeze)
rCold   . . .      Faith    .   f - +1 buckler {AC+3}
rNeg    . . .      Spirit   .   G - +0 acid dragon scales
rPois   +          Reflect  .   V - +0 hat
rElec   .          Harm     .   k - +0 cloak
rCorr   +          Rampage  .   (no gloves)
Will    .....                   H - +1 pair of boots
Stlth   ++++......              (no amulet)
HPRegen 0.25/turn               s - ring of poison resistance
MPRegen 0.18/turn               z - +6 ring of dexterity

@: no status effects
A: fangs 1, strong nose, distributed training
a: Renounce Religion, Stomp, Line Pass


You were on level 2 of the Lair of Beasts.
You worshipped Uskayaw.
Uskayaw was aware of your devotion.
You visited 2 branches of the dungeon, and saw 13 of its levels.
You also visited: Ossuary and Gauntlet.

You collected 715 gold pieces.
You spent 398 gold pieces at shops.

Inventory:

Hand Weapons
 a - a +3 war axe of freezing (weapon)
 b - a +3 flail
 t - a +2 dagger of venom
 P - a +1 spear
 T - a +0 hunting sling of flaming
Missiles
 c - 19 boomerangs (quivered)
 m - 466 stones
 B - 34 poisoned darts
 X - 2 curare-tipped darts
Armour
 f - a +1 buckler of protection (worn)
 k - a +0 cloak (worn)
 n - a +0 chain mail
 G - +0 acid dragon scales (worn)
 H - a +1 pair of boots (worn)
 Q - a +1 pair of boots
 U - a +1 ring mail of fire resistance
 V - a +0 hat (worn)
Jewellery
 e - an amulet of the acrobat
 s - a ring of poison resistance (left hand)
 v - a +6 ring of intelligence
 z - a +6 ring of dexterity (right hand)
Wands
 d - a wand of iceblast (6)
 g - a wand of polymorph (13)
 A - a wand of digging (4)
 J - a wand of paralysis (7)
 N - a wand of flame (19)
 S - a wand of acid (8)
 W - a wand of charming (1)
Scrolls
 j - 3 scrolls of enchant weapon
 o - 3 scrolls of fear
 p - 2 scrolls of teleportation
 u - 3 scrolls of holy word
 x - a scroll of enchant armour
 y - 2 scrolls of immolation
 F - a scroll of identify
 M - 5 scrolls of vulnerability
 Y - 2 scrolls of fog
Potions
 h - 2 potions of magic
 i - a potion of cancellation {unknown}
 l - 7 potions of curing
 q - a potion of lignification
 r - 3 potions of attraction {unknown}
 w - a potion of berserk rage
 C - a potion of degeneration {unknown}
 D - a potion of invisibility {unknown}
 E - a potion of resistance {unknown}
 I - a potion of ambrosia {unknown}
 K - 2 potions of mutation
 L - 2 potions of flight
 O - a potion of haste {unknown}
 R - 3 potions of brilliance


   Skills:
 + Level 8.9 Fighting
 + Level 7.5 Short Blades
 + Level 8.9 Long Blades
 + Level 7.5 Axes
 + Level 7.5 Maces & Flails
 + Level 7.5 Polearms
 + Level 8.9 Staves
 + Level 7.5 Slings
 + Level 7.5 Bows
 + Level 7.5 Crossbows
 + Level 10.0 Throwing
 + Level 7.5 Armour
 + Level 7.5 Dodging
 + Level 7.5 Stealth
 + Level 7.5 Shields
 + Level 7.5 Unarmed Combat
 + Level 7.5 Spellcasting
 + Level 6.2 Conjurations
 + Level 6.2 Hexes
 + Level 6.2 Summonings
 + Level 6.2 Necromancy
 + Level 6.2 Translocations
 + Level 6.2 Transmutations
 + Level 6.2 Fire Magic
 + Level 6.2 Ice Magic
 + Level 6.2 Air Magic
 + Level 6.2 Earth Magic
 + Level 6.2 Poison Magic
 + Level 8.7 Invocations
 + Level 7.5 Evocations


You had 15 spell levels left.
You knew the following spells:

 Your Spells              Type           Power      Damage    Failure   Level
a - Passwall              Tmut/Erth      14%        N/A       3%          2
b - Call Canine Familiar  Summ           17%        N/A       7%          3
c - Stone Arrow           Conj/Erth      34%        3d9       7%          3
d - Summon Guardian Gole  Hex/Summ       17%        N/A       7%          3

Your spell library contained the following spells:

 Spells                   Type           Power      Damage    Failure   Level
 Sandblast                Erth           34%        2d9       2%          1
 Summon Small Mammal      Summ           68%        N/A       2%          1
 Static Discharge         Conj/Air       17%        N/A       3%          2
 Dispel Undead            Necr           17%        3d10      22%         4
 Sticky Flame             Conj/Fire      17%        2d4       22%         4
 Summon Ice Beast         Ice/Summ       17%        N/A       22%         4
 Summon Mana Viper        Hex/Summ       17%        N/A       54%         5
 Monstrous Menagerie      Summ           8%         N/A       100%        7


Dungeon Overview and Level Annotations

Branches:
Dungeon (11/15)            Temple (0/1) D:7            Lair (2/6) D:11
    Orc (0/2) D:9         Ossuary (visited)         Gauntlet (visited)
  Swamp: Lair:2-4    Shoals: Lair:2-4     Snake: Lair:2-4    Spider: Lair:2-4

Altars:
Cheibriados
Dithmenos
Elyvilon
Fedhas
Kikubaaqudgha
Okawaru
Qazlal
Sif Muna
Uskayaw
Xom
Yredelemnul
Zin
Beogh

Shops:
D:4 !*!   D:9 !

Portals:
Trove: D:10 (give +3 fire dragon scales)

Annotations:
D:4 exclusion: door
D:9 exclusion: downstairs
Lair:2 exclusion: death yak


Innate Abilities, Weirdness & Mutations

You have very sharp teeth.
Your uncanny sense of smell can sniff out nearby items.
Your experience applies equally to all skills.


Message History

You slash the death yak! You freeze the death yak.
The death yak is severely wounded.
The death yak is no longer paralysed. x2; The death yak gores you!
You hit the death yak. You freeze the death yak.
The death yak is severely wounded.
The death yak gores you!
* * * LOW HITPOINT WARNING * * *
You hit the death yak. You freeze the death yak.
The death yak is almost dead.
The death yak gores you!
* * * LOW HITPOINT WARNING * * *
Uskayaw will force your foes to share their pain.
Uskayaw links your audience in an emotional bond!
You slash the death yak!
You kill the death yak!
You freeze the death yak.
You kill the death yak!
Your Throwing skill increases to level 10!
You stomp with the beat, sending a shockwave through the revellers around you!
You kill the death yak!
The death yak is no longer sharing its pain.
You hit the death yak but do no damage.
The death yak is severely wounded.
You block the death yak's attack.
You hit the death yak but do no damage.
The death yak is severely wounded.
The death yak misses you. The death yak gores you.
* * * LOW HITPOINT WARNING * * *
You slash the death yak! You freeze the death yak.
The death yak is almost dead.
The death yak barely misses you.
Uskayaw will force your foes to share their pain.
You hit the death yak. You freeze the death yak.
The death yak is almost dead.
The death yak gores you but does no damage.
You hit the death yak. You freeze the death yak.
You bite the death yak, but do no damage.
The death yak is almost dead.
The death yak gores you!
You die...

### #.#### ### #### ###
.....##
####.###..#####.#
......#
#####.#..##.....P...#
......#
#..Y@.....#..........
.....##
##..######............
....#### ##...##
#.##..........
#...#..####.....# ##
##.....#...
#P..Y....##.....##
#..........
....##.#.........#
#.....##..#
.....####.#.....##
#.......... Y.....#
####....# #..........
##.....#
#..#.#.#######..#P.....


You could see a death yak.

Vanquished Creatures
  Gastronok (Lair:2)
  2 two-headed ogres
  4 death yaks (Lair:2)
  An ugly thing (D:11)
  A deep elf pyromancer (D:10)
  8 elephants (Lair:2)
  4 cane toads
  A rime drake (Lair:1)
  3 komodo dragons
  A hornet (D:8)
  4 blink frogs (Lair:2)
  A wyvern (D:10)
  A shadow (D:11)
  A wraith (D:10)
  Eustachio (D:5)
  2 steam dragons
  3 wargs (D:11)
  4 water moccasins
  Duvessa (D:7)
  A black bear (D:7)
  7 orc warriors
  A necrophage (D:6)
  2 ogres
  3 wolves (Lair:2)
  12 centaurs
  3 phantoms
  5 kobold brigands
  5 bullfrogs
  2 scorpions
  A wyvern skeleton (D:5)
  Dowan (D:7)
  A water moccasin skeleton (D:7)
  18 killer bees
  3 howler monkeys
  12 wights
  3 centaur zombies
  2 jellies
  5 hounds
  11 orc priests
  A gnoll shaman (D:9)
  12 orc wizards
  A scorpion zombie (D:5)
  2 killer bee zombies
  A hound skeleton (D:4)
  A mummy (Ossuary)
  2 howler monkey zombies
  6 gnolls
  4 adders
  A shadow imp (D:6)
  2 ufetubi
  An adder zombie (D:3)
  2 dart slugs
  68 orcs
  4 spectral bats (Ossuary)
  9 ball pythons
  7 bats
  9 endoplasms
  3 giant cockroaches
  12 gnoll zombies (Ossuary)
  5 goblins
  7 hobgoblins
  A jackal (D:2)
  6 quokkas
  A ball python zombie (D:3)
  7 bat simulacra (Ossuary)
  4 frilled lizards
  3 goblin simulacra (Ossuary)
  4 goblin zombies (Ossuary)
  5 hobgoblin zombies (Ossuary)
  24 kobolds
  4 kobold simulacra (Ossuary)
  7 kobold zombies (Ossuary)
  2 orc zombies (Ossuary)
  3 rats
  A rat simulacrum (Ossuary)
  A spectral goblin (Ossuary)
  2 spectral kobolds (Ossuary)
  3 spectral rats (Ossuary)
380 creatures vanquished.

Vanquished Creatures (others)
  A howler monkey (D:8)
  An orc wizard (D:11)
  2 orcs
  8 fungi
  24 plants
36 creatures vanquished.

Grand Total: 416 creatures vanquished

Notes
Turn   | Place    | Note
-------+----------+-------------------------------------------
     0 | D:1      | themarg the Gnoll Wanderer began the quest for the Orb.
     0 | D:1      | themarg set off with the following items: a +2 falchion, a
                  | +0 quarterstaff, 9 boomerangs, a +0 dagger, a +0 leather
                  | armour
     0 | D:1      | Reached XP level 1. HP: 20/20 MP: 2/2
     1 | D:1      | Noticed an electric eel
   345 | D:1      | Reached XP level 2. HP: 19/26 MP: 3/3
   674 | D:1      | Reached XP level 3. HP: 21/31 MP: 4/4
   872 | D:1      | Found a faded altar of an unknown god.
  1546 | D:2      | Reached skill level 1 in Short Blades
  1546 | D:2      | Reached skill level 1 in Axes
  1546 | D:2      | Reached skill level 1 in Maces & Flails
  1546 | D:2      | Reached skill level 1 in Polearms
  1546 | D:2      | Reached skill level 1 in Slings
  1546 | D:2      | Reached skill level 1 in Bows
  1546 | D:2      | Reached skill level 1 in Crossbows
  1546 | D:2      | Reached skill level 1 in Armour
  1546 | D:2      | Reached skill level 1 in Dodging
  1546 | D:2      | Reached skill level 1 in Stealth
  1546 | D:2      | Reached skill level 1 in Shields
  1546 | D:2      | Reached skill level 1 in Unarmed Combat
  1546 | D:2      | Reached skill level 1 in Spellcasting
  1546 | D:2      | Reached skill level 1 in Evocations
  1770 | D:2      | Reached XP level 4. HP: 35/38 MP: 6/6
  2117 | D:2      | Reached skill level 1 in Conjurations
  2117 | D:2      | Reached skill level 1 in Hexes
  2117 | D:2      | Reached skill level 1 in Summonings
  2117 | D:2      | Reached skill level 1 in Necromancy
  2117 | D:2      | Reached skill level 1 in Translocations
  2117 | D:2      | Reached skill level 1 in Transmutations
  2117 | D:2      | Reached skill level 1 in Fire Magic
  2117 | D:2      | Reached skill level 1 in Ice Magic
  2117 | D:2      | Reached skill level 1 in Air Magic
  2117 | D:2      | Reached skill level 1 in Earth Magic
  2117 | D:2      | Reached skill level 1 in Poison Magic
  2134 | D:2      | Reached XP level 5. HP: 26/43 MP: 7/7
  2591 | D:3      | Found a hide-covered altar of Uskayaw.
  2765 | D:3      | Found a snail-covered altar of Cheibriados.
  2810 | D:3      | Found a white marble altar of Elyvilon.
  2862 | D:3      | Found a basalt altar of Yredelemnul.
  2937 | D:3      | Found an iron altar of Okawaru.
  3082 | D:3      | Found a glowing silver altar of Zin.
  3181 | D:3      | Reached XP level 6. HP: 34/50 MP: 8/8
  3432 | D:3      | Became a worshipper of Uskayaw the Reveller
  3552 | D:4      | Reached * piety under Uskayaw
  3639 | D:4      | Reached ** piety under Uskayaw
  3676 | D:4      | Found Nihora Rion's General Store.
  3677 | D:4      | Found Xoodwuj's Distillery.
  3679 | D:4      | Found Qeteucoff's Distillery.
  3683 | D:4      | Bought a potion of heal wounds for 55 gold pieces
  3683 | D:4      | Bought a potion of curing for 33 gold pieces
  3742 | D:4      | Reached skill level 5 in Fighting
  3742 | D:4      | Reached skill level 5 in Long Blades
  3742 | D:4      | Reached skill level 5 in Staves
  4438 | D:4      | Found a shimmering blue altar of Sif Muna.
  4558 | D:5      | Entered Level 5 of the Dungeon
  4574 | D:5      | Reached XP level 7. HP: 55/56 MP: 10/10
  4656 | D:5      | Reached skill level 7 in Throwing
  5221 | D:5      | Noticed Eustachio
  5318 | D:5      | Noticed a steam dragon
  5329 | D:5      | Killed a steam dragon
  5394 | D:5      | Found a shimmering altar of Xom.
  5423 | D:5      | Reached XP level 8. HP: 55/63 MP: 12/12
  6335 | D:6      | Reached *** piety under Uskayaw
  6916 | D:7      | Found a blossoming altar of Fedhas.
  6955 | D:7      | Reached skill level 5 in Invocations
  6955 | D:7      | Reached XP level 9. HP: 16/69 MP: 12/14
  7057 | D:7      | Found a sand-covered staircase.
  7117 | D:7      | Found an ancient bone altar of Kikubaaqudgha.
  7255 | Ossuary  | Entered an ossuary
  7538 | Ossuary  | Reached **** piety under Uskayaw
  8167 | D:7      | Found a stormy altar of Qazlal.
  8373 | D:7      | Found a staircase to the Ecumenical Temple.
  8838 | D:7      | Noticed Dowan
  8839 | D:7      | Noticed Duvessa
  8877 | D:7      | Killed Duvessa
  8878 | D:7      | Reached skill level 8 in Throwing
  9083 | D:7      | Killed Dowan
  9497 | D:8      | Noticed a hornet
  9506 | D:8      | Killed a hornet
  9509 | D:8      | Reached ***** piety under Uskayaw
  9540 | D:8      | Reached XP level 10. HP: 22/77 MP: 17/17
  9848 | D:8      | Reached skill level 5 in Short Blades
  9848 | D:8      | Reached skill level 5 in Axes
  9848 | D:8      | Reached skill level 5 in Maces & Flails
  9848 | D:8      | Reached skill level 5 in Polearms
  9848 | D:8      | Reached skill level 5 in Slings
  9848 | D:8      | Reached skill level 5 in Bows
  9848 | D:8      | Reached skill level 5 in Crossbows
  9848 | D:8      | Reached skill level 5 in Armour
  9848 | D:8      | Reached skill level 5 in Dodging
  9848 | D:8      | Reached skill level 5 in Stealth
  9848 | D:8      | Reached skill level 5 in Shields
  9848 | D:8      | Reached skill level 5 in Unarmed Combat
  9848 | D:8      | Reached skill level 5 in Spellcasting
  9848 | D:8      | Reached skill level 5 in Evocations
 11915 | D:9      | Found Wiruanit's Distillery.
 11918 | D:9      | Bought a potion of curing for 30 gold pieces
 12029 | D:4      | Bought a wand of acid (7) for 220 gold pieces
 12029 | D:4      | Bought a wand of iceblast (2) for 60 gold pieces
 12183 | D:5      | Killed Eustachio
 12375 | D:9      | Found a staircase to the Orcish Mines.
 13485 | D:10     | Entered Level 10 of the Dungeon
 13506 | D:10     | Learned a level 2 spell: Passwall
 13556 | D:10     | Found a portal to a secret trove of treasure.
 13727 | D:10     | Noticed a deep elf pyromancer
 13972 | D:10     | Noticed a two-headed ogre
 13996 | D:10     | Killed a two-headed ogre
 14292 | D:10     | Killed a deep elf pyromancer
 14293 | D:10     | Reached XP level 11. HP: 60/84 MP: 19/19
 14603 | D:11     | Noticed a two-headed ogre
 14629 | D:11     | Reached skill level 9 in Throwing
 14649 | D:11     | Killed a two-headed ogre
 14650 | D:11     | Reached skill level 5 in Conjurations
 14650 | D:11     | Reached skill level 5 in Hexes
 14650 | D:11     | Reached skill level 5 in Summonings
 14650 | D:11     | Reached skill level 5 in Necromancy
 14650 | D:11     | Reached skill level 5 in Translocations
 14650 | D:11     | Reached skill level 5 in Transmutations
 14650 | D:11     | Reached skill level 5 in Fire Magic
 14650 | D:11     | Reached skill level 5 in Ice Magic
 14650 | D:11     | Reached skill level 5 in Air Magic
 14650 | D:11     | Reached skill level 5 in Earth Magic
 14650 | D:11     | Reached skill level 5 in Poison Magic
 15069 | D:11     | Identified the +1 scale mail of Chill Winds {rC+ rCorr
                  | Str-4 Dex+5}
 15080 | D:11     | Noticed a cyan ugly thing
 15491 | D:11     | HP: 4/129 [centaur/arrow (3)]
 15912 | D:11     | Found a staircase to the Lair.
 16040 | D:11     | Found a shadowy altar of Dithmenos.
 16420 | D:11     | Killed a cyan ugly thing
 16563 | Lair:1   | Entered Level 1 of the Lair of Beasts
 16894 | Lair:1   | Found a gate leading to a gauntlet.
 16906 | Gauntlet | Entered a Gauntlet
 16906 | Gauntlet | Found a transporter.
 16909 | Gauntlet | Noticed a hell hog
 16999 | Gauntlet | Learned a level 3 spell: Call Canine Familiar
 17003 | Gauntlet | Learned a level 3 spell: Stone Arrow
 17007 | Gauntlet | Learned a level 3 spell: Summon Guardian Golem
 17009 | Gauntlet | Found a transporter.
 17024 | Gauntlet | Found a transporter.
 17025 | Gauntlet | Found a transporter.
 17034 | Gauntlet | Noticed a death yak
 17034 | Gauntlet | Noticed a death yak
 17035 | Gauntlet | Noticed a death yak
 17037 | Gauntlet | Found a transporter.
 17037 | Gauntlet | Noticed a death yak
 17037 | Gauntlet | Noticed a death yak
 17038 | Gauntlet | Noticed a death yak
 17039 | Gauntlet | Noticed a necromancer
 17056 | Gauntlet | Noticed a quicksilver ooze
 17058 | Gauntlet | Found a transporter.
 17067 | Gauntlet | Found a transporter.
 17082 | Gauntlet | Noticed a moth of wrath
 17088 | Gauntlet | Found a transporter.
 17090 | Gauntlet | Found a transporter.
 17090 | Gauntlet | Found a transporter.
 17092 | Gauntlet | Found a transporter.
 17126 | Gauntlet | Found a transporter.
 17893 | Lair:2   | Reached XP level 12. HP: 29/94 MP: 22/22
 18688 | Lair:2   | Noticed a death yak
 18860 | Lair:2   | Noticed Gastronok
 18882 | Lair:2   | Killed Gastronok
 19418 | Lair:2   | Noticed a death yak
 19420 | Lair:2   | Noticed a death yak
 19469 | Lair:2   | Killed a death yak
 19572 | Lair:2   | Noticed a death yak
 19596 | Lair:2   | Noticed a death yak
 19613 | Lair:2   | Killed a death yak
 19613 | Lair:2   | Killed a death yak
 19614 | Lair:2   | Reached skill level 10 in Throwing
 19614 | Lair:2   | Killed a death yak
 19619 | Lair:2   | Slain by a death yak

Illustrated notes

Levels and vault maps discovered:
D:1:      arrival_aquarium_a, layout_rooms,
          hellmonk_ecumenical_altar_heavens_door
D:2:      cheibrodos_pilgrimage, layout_basic, minmay_vboxes
D:3:      layout_loops_ring, zin_scriptorium, lemuel_doored_altar,
          mainiacjoe_overflow_alcove_4, lemuel_zombie_altar_yredelemnul,
          mainiacjoe_overflow_catwalk, elyvilon_altar_4
D:4:      layout_loops_ring, led_sif_book, nicolae_wooded_promenade,
          minivault_25
D:5:      layout_loops_ring, xom_teletrap_fun, chequers_serial_rivers_small_b,
          serial_bayou_crossing, uniq_eustachio
D:6:      layout_basic, minmay_misc_feat_room, supply_closet_lemuel
D:7:      black_bear_nest_2, layout_loops_ring, mainiacjoe_overflow_brackets,
          mainiacjoe_overflow_small_starburst, mainiacjoe_overflow_chevrons,
          minmay_temple_entry_poolview, enter_ossuary_2, uniq_duvessa
D:8:      layout_basic, skrybe_limestone_x
D:9:      layout_roguey, david_orc_5, serial_shops, kennysheep_mini,
          roderic_serpentine_path
D:10:     layout_rooms, nicolae_trove_entry_free_sample
D:11:     layout_loops_cross, erik_lair_orcish_takeover,
          grunt_dithmenos_smoke_and_mirrors
Lair:1:   layout_roguey, gauntlet_entry_generic
Lair:2:   layout_gridlike, infiniplex_staircase_pool, uniq_gastronok

Skill      XL: |  1  2  3  4  5  6  7  8  9 10 11 12 |
---------------+-------------------------------------+-----
Short Blades   | 1 2 3 4 5 6 7 |  7.5
Axes           | 1 2 3 4 5 6 7 |  7.5
Maces & Flails | 1 2 3 4 5 6 7 |  7.5
Polearms       | 1 2 3 4 5 6 7 |  7.5
Slings         | 1 2 3 4 5 6 7 |  7.5
Bows           | 1 2 3 4 5 6 7 |  7.5
Crossbows      | 1 2 3 4 5 6 7 |  7.5
Armour         | 1 2 3 4 5 6 7 |  7.5
Dodging        | 1 2 3 4 5 6 7 |  7.5
Stealth        | 1 2 3 4 5 6 7 |  7.5
Shields        | 1 2 3 4 5 6 7 |  7.5
Unarmed Combat | 1 2 3 4 5 6 7 |  7.5
Spellcasting   | 1 2 3 4 5 6 7 |  7.5
Evocations     | 1 2 3 4 5 6 7 |  7.5
Conjurations   | 1 2 3 4 5 6 |  6.2
Hexes          | 1 2 3 4 5 6 |  6.2
Summonings     | 1 2 3 4 5 6 |  6.2
Necromancy     | 1 2 3 4 5 6 |  6.2
Translocations | 1 2 3 4 5 6 |  6.2
Transmutations | 1 2 3 4 5 6 |  6.2
Fire Magic     | 1 2 3 4 5 6 |  6.2
Ice Magic      | 1 2 3 4 5 6 |  6.2
Air Magic      | 1 2 3 4 5 6 |  6.2
Earth Magic    | 1 2 3 4 5 6 |  6.2
Poison Magic   | 1 2 3 4 5 6 |  6.2
Invocations    | 3 4 5 7 8 |  8.7
Fighting       | 5 6 7 8 |  8.9
Long Blades    | 5 6 7 8 |  8.9
Staves         | 5 6 7 8 |  8.9
Throwing       | 7 8 9 10 | 10.0

Action                   |  1- 3 |  4- 6 |  7- 9 | 10-12 || total
-------------------------+-------+-------+-------+-------++-------
Melee: Falchion          |    95 |     5 |       |       ||   100
       Bite              |     2 |    13 |    96 |   172 ||   283
       Dagger            |       |   146 |   646 |   751 ||  1543
       Unarmed           |       |       |       |    13 ||    13
       War axe           |       |       |       |   214 ||   214
       Flail             |       |       |       |    33 ||    33
Throw: Boomerang         |       |     1 |     3 |    46 ||    50
Invok: Stomp             |       |       |     2 |     1 ||     3
  Use: Scroll            |       |       |    14 |     7 ||    21
       Potion            |       |       |     7 |     5 ||    12
 Stab: Sleeping          |     2 |     8 |    18 |     4 ||    32
       Paralysed         |       |       |     7 |    26 ||    33
       Distracted        |       |       |       |     1 ||     1
Armor: Leather armour    |    19 |    37 |    17 |       ||    73
       Steam dragon scal |       |       |   164 |   106 ||   270
       Acid dragon scale |       |       |       |    37 ||    37
       Ring mail         |       |       |       |   168 ||   168
       Skin              |       |       |       |     6 ||     6
Dodge: Dodged            |    58 |    49 |   354 |   636 ||  1097
Block: Buckler           |     4 |    22 |   199 |   391 ||   616
